AoeStats
← wow_oh_03

Arena

509039042Analyzed
1v1 RM · 8d ago on Sep 25, 2026· 61m 50s· 2 players
Game mode
Random Map
Map size
Tiny (2 player)
Population
200
Speed
Normal
Resources
Standard
Victory
Conquest
Starting age
Dark Age
Ending age
Imperial Age
RankedLock teamsTeams togetherTeam positionsShared explorationLock speedFull tech treeHidden civsTurbo modeCheats
Victory
Defeat
🇦🇷 Varangians · Argentina
923
+17
🇹🇼 Danes · Taiwan
942
-17
brianchen0618
6:32 Loom
9:58 Feudal Age
10:40 Double-Bit Axe
14:51 Horse Collar
18:15 Castle Age
17:38 Gold Mining
17:59 Stone Mining
20:20 Wheelbarrow
24:50 Bow Saw
24:43 Heavy Plow
25:43 Elite Skirmisher
30:56 Man-at-Arms
33:21 Long Swordsman
33:48 Gambesons
35:06 Squires
37:55 Imperial Age
35:43 Hand Cart
35:08 Pikeman
35:34 Arson
36:14 Town Watch
37:42 Ballistics
37:04 Treadmill Crane
37:19 Murder Holes
37:56 Husbandry
38:22 Two-Handed Swordsman
40:58 Halberdier
41:11 Capped Ram
43:06 Chemistry
43:04 Town Patrol
43:19 Elite Varangian Guard
43:22 Crossbowman
44:21 Fletching
44:24 Cavalier
45:04 Husbandry
46:22 Bloodlines
45:34 Light Cavalry
45:53 Cranequins
46:54 Scale Barding Armor
46:52 Scale Mail Armor
49:15 Two-Man Saw
48:35 Onager
49:59 Vendel Legacy
50:01 Elite Jarl
53:53 Forging
54:03 Chain Barding Armor
54:00 Chain Mail Armor
53:40 Bodkin Arrow
53:45 Padded Archer Armor
54:13 Siege Ram
55:07 Hussar
56:28 Plate Barding Armor
56:30 Iron Casting
55:23 Vendel Legacy
57:11 Siege Engineers
59:12 Conscription
60:04 Blast Furnace
62:13 Plate Mail Armor
61:43 Bracer
wow_oh_03
10:03 Feudal Age
10:39 Double-Bit Axe
10:36 Horse Collar
11:31 Loom
12:21 Wheelbarrow
16:10 Castle Age
14:59 Stone Mining
17:22 Bow Saw
18:04 Forging
28:10 Scale Mail Armor
28:38 Arson
30:13 Iron Casting
30:34 Squires
31:52 Chain Mail Armor
36:45 Imperial Age
34:37 Hand Cart
35:20 Gold Mining
36:43 Heavy Plow
37:14 Murder Holes
36:57 Elite Jomsviking
38:24 Pikeman
41:28 Halberdier
42:05 Fletching
42:16 Padded Archer Armor
43:18 Blast Furnace
42:48 Plate Mail Armor
42:12 Elite Skirmisher
45:42 Ballistics
46:22 Chemistry
46:48 Conscription
46:53 Hamask
48:36 Siege Engineers
48:41 Masonry
52:12 Blast Furnace
51:43 Plate Mail Armor
51:08 Bodkin Arrow
51:14 Padded Archer Armor
53:52 Halberdier
54:11 Crossbowman
54:57 Thumb Ring
54:21 Heavy Mounted Crossbowman
54:22 Cranequins
55:46 Gambesons
55:22 Elite Varangian Guard
57:16 Gold Shaft Mining
Connection lost

Rejoining the realm…

Still unreachable

The connection could not be restored.

Session expired

The server has moved on; the page needs a fresh start.